AoeStats
← nice_am_been

Arabia

506671802Analyzed
1v1 RM · 18d ago on Sep 14, 2026· 45m 45s· 2 players
Game mode
Random Map
Map size
Tiny (2 player)
Population
200
Speed
Normal
Resources
Standard
Victory
Conquest
Starting age
Dark Age
Ending age
Imperial Age
RankedLock teamsTeams togetherTeam positionsShared explorationLock speedFull tech treeHidden civsTurbo modeCheats
Victory
Defeat
🇩🇪 Bohemians · Germany
684
+13
🇩🇪 Ethiopians · Germany
620
-17
Stachelbeere16
9:05 Loom
11:26 Feudal Age
15:06 Double-Bit Axe
21:38 Castle Age
21:23 Horse Collar
22:09 Crossbowman
23:38 Thumb Ring
26:53 Bow Saw
28:20 Fletching
28:32 Padded Archer Armor
29:22 Bodkin Arrow
31:35 Leather Archer Armor
34:58 Ballistics
35:39 Heavy Plow
36:30 Wheelbarrow
38:34 Imperial Age
39:05 Arbalester
39:53 Bracer
40:23 Ring Archer Armor
41:17 Chemistry
41:03 Siege Engineers
nice_am_been
8:20 Loom
11:25 Feudal Age
13:20 Double-Bit Axe
21:12 Castle Age
21:03 Wheelbarrow
20:38 Padded Archer Armor
20:28 Fletching
22:06 Crossbowman
25:58 Leather Archer Armor
28:47 Elite Skirmisher
30:10 Bodkin Arrow
32:59 Ballistics
33:42 Chemistry
32:42 Horse Collar
33:15 Bow Saw
38:48 Imperial Age
39:18 Houfnice
Connection lost

Rejoining the realm…

Still unreachable

The connection could not be restored.

Session expired

The server has moved on; the page needs a fresh start.